Banto, lawful male human Samurai ----- |...| |....## -------- |..(| # 0##############f@-......| |....###### ############### |....>.| ..^.| # # ------------- #------------ #-......| ----- #)#).............###########...........| ###|......| # |.....|.....| ###|..........|####.......| ##..<...|.....| |...........## |......| |.....|...... |...>......|# -------- |.....+.....| ------------ |.....|.....| |.....|.....| ------------- Banto the Ninja Experience level: 7 Strength: 17 Dexterity: 14 Constitution: 18 Intelligence: 10 Wisdom: 9 Charisma: 10 Health: 0(60) Energy: 29(29) AC: 3 Gold: 421 Moves: 3044 Your Inventory: Coins $ - 421 gold pieces Weapons a - an uncursed +1 katana (weapon in hand) b - an uncursed +3 wakizashi (wielded in other hand) c - an uncursed +0 yumi d - 40 uncursed +0 ya (in quiver) Armor e - an uncursed rustproof +0 splint mail (being worn) w - a cursed burnt +0 dwarvish cloak (being worn) x - an [uncursed] rusty +0 pair of iron shoes (being worn) Comestibles p - an [uncursed] tripe ration u - an [uncursed] cram ration y - 2 [uncursed] pancakes Scrolls G - 3 [uncursed] unlabeled scrolls [of blank paper] Potions h - an [uncursed] white potion [of gain energy] l - an [uncursed] clear potion [of water] Rings m - an [uncursed] black onyx ring [of searching] (on right hand) Wands v - an [uncursed] spiked wand [of undead turning (0:6)] H - an [uncursed] spiked wand [of undead turning (0:8)] Tools n - an [uncursed] tin opener z - an [uncursed +0] pick-axe E - an [uncursed tin] whistle I - an [uncursed] bag [of holding] Gems i - 2 [uncursed] white gems [worthless glass] B - 2 [uncursed] black gems [worthless glass] C - 2 [uncursed] red gems [worthless glass] Spells known in the end: Name Level Category Fail Memory Your skills at the end: Fighting Skills martial arts [Basic / Master] Weapon Skills short sword [Basic / Expert] long sword [Basic / Expert] bow [Basic / Expert] Spellcasting Skills Final Attributes: You were piously aligned. Hunger level was 632. Your alignment was 25 / 25. Monster difficulty range was 0 - 5. Level difficulty was 4. You had automatic searching. You were fast. You were wielding two weapons at once. Your luck was zero. You are dead. Vanquished creatures: an imp 2 shriekers 2 gnome lords a gray ooze a straw golem a paper golem a wax golem a floating eye 3 dwarves 4 hill orcs a monkey a gas spore a large kobold 2 yellow molds a green mold a red mold 17 gnomes a gnome zombie a gecko 4 jackals a fox 2 goblins 4 grid bugs 4 lichens 2 kobold zombies 60 creatures vanquished. Voluntary challenges: You were an atheist. You used a wielded weapon 80 times. You read items or engraved 6 times. You put on armor 3 times. You never genocided any monsters. You never polymorphed an object. You never changed form. You used no wishes. You wrote Elbereth's name 1 time. You never encountered a bones level. You never used any Sokoban shortcuts. Dungeon overview: The Dungeons of Doom: levels 1 to 5 Level 1 a long staircase Level 2 some fountains, a sink Level 4 <- You were here stairs to The Gnomish Mines The Gnomish Mines: levels 5 to 6 Level 5 stairs to The Dungeons of Doom History has recorded: On T:1 you entered the Dungeons of Doom to retrieve the Amulet of Yendor! On T:662 you reached level 2 of The Dungeons of Doom. On T:790 you advanced to experience level 2. On T:815 you advanced to experience level 3. On T:1376 you advanced to experience level 4. On T:1449 you reached level 3 of The Dungeons of Doom. On T:1872 you reached level 4 of The Dungeons of Doom. On T:1949 you reached level 1 of The Gnomish Mines. On T:1962 you advanced to experience level 5. On T:2098 you advanced to experience level 6. On T:2124 you reached level 2 of The Gnomish Mines. On T:2929 you reached level 5 of The Dungeons of Doom. On T:2987 you advanced to experience level 7. Latest messages: You miss the green mold. (2x) [HP+1=17] You miss the green mold. (3x) You hit the green mold. You kill the green mold! You are splashed by the green mold's acid! [HP-7=10] You see here a green mold corpse. (2x) [HP+1=11] You have a very bad case of stomach acid. This green mold corpse tastes terrible! [HP-5=6] You finish eating the green mold corpse. [4 turns] [HP+1=7] The housecat bites! [HP-6=1] You miss the housecat. The housecat bites! You die... The bag of holding is empty. Final status: Sayonara Banto the Samurai... You died in The Dungeons of Doom on dungeon level 4 with 2279 points, and 421 pieces of gold, after 3044 moves. You were level 7 with a maximum of 60 hit points when you died.